[Event "Team 45 45 League T27"]
[Site "Internet Chess Club"]
[Date "2005.07.02"]
[Round "3"]
[White "jantonio"]
[Black "az2112"]
[Result "0-1"]
[WhiteElo "1650"]
[BlackElo "1652"]
[TimeControl "2700+45"]

1. Nf3 Nf6 2. g3 g6 3. Bg2 Bg7 4. O-O O-O 5. d3 d6 6. Nbd2 c5 7. e4 Nc6 8. c3
Bg4 9. Qc2 Rc8 10. a4 Qd7 11. Re1 Rfd8 12. Nc4 Bh3 13. Bh1 d5 14. Nce5 Qe8 15.
Nxc6 Qxc6 16. exd5 Nxd5 17. Ng5 c4 18. Bxd5 Qxd5 19. dxc4 Qg2# {White
checkmated} 0-1

[Event "Team 45 45 League T27"]
[Site "Internet Chess Club"]
[Date "2005.07.01"]
[Round "3"]
[White "Cantemir"]
[Black "jmc860"]
[Result "0-1"]
[WhiteElo "1689"]
[BlackElo "1566"]
[TimeControl "2700+45"]

1. d4 e6 2. e4 d5 3. e5 c5 4. c3 Nc6 5. Bb5 Bd7 6. Nf3 Nxe5 7. Bxd7+ Nxd7 8. O-O
Ngf6 9. Bf4 c4 10. h3 Be7 11. Nbd2 Qb6 12. b3 Rc8 13. Ne5 cxb3 14. Nxd7 Nxd7 15.
Qg4 Bf6 16. Rfc1 b2 17. Kh2 bxa1=Q 18. Rxa1 Rxc3 19. Rb1 h5 20. Qe2 Qxd4 21. g3
O-O 22. Qxh5 Qxf2+ 23. Kh1 Rxg3 24. Bxg3 Qxg3 25. Rg1 Qh4 26. Qf3 Ne5 27. Qf1
Nc4 28. Rg4 Nxd2 29. Qd3 Qe1+ 30. Kg2 Qf1+ 31. Qxf1 Nxf1 32. Kxf1 Rd8 33. Ra4 a6
34. Rb4 b5 35. Rb3 Be7 36. Ke2 f6 37. Kd3 Kf7 38. Rc3 e5 39. Ke2 f5 40. Kf3 d4
41. Rb3 e4+ 42. Ke2 Rd5 43. Rg3 d3+ 44. Kd1 Kf6 45. Rg2 f4 46. Rg4 Rf5 47. Rg2
Bb4 48. Rb2 f3 49. Rxb4 f2 50. Rxe4 f1=Q+ 51. Kd2 Qg2+ 52. Kxd3 Qxh3+ 53. Kd4
Qf3 54. Re8 Qf4+ 55. Kd3 Rd5+ 56. Kc2 Qc4+ 57. Kb2 Rd2+ {White resigns} 0-1

[Event "Team 45 45 League T27"]
[Site "Internet Chess Club"]
[Date "2005.07.03"]
[Round "3"]
[White "bondguy01"]
[Black "pokerram"]
[Result "1/2-1/2"]
[WhiteElo "1618"]
[BlackElo "1593"]
[TimeControl "2700+45"]

1. e4 c5 2. Nf3 d6 3. d4 cxd4 4. Nxd4 Nf6 5. Nc3 a6 6. g3 e5 7. Nde2 Be7 8. Bg2
O-O 9. a4 Nbd7 10. O-O Nc5 11. f3 Be6 12. Kh1 d5 13. b4 d4 14. bxc5 dxc3 15. Be3
Qc8 16. Nxc3 Bxc5 17. Bxc5 Qxc5 18. Nb1 Rac8 19. c3 Rfd8 20. Qc2 Rd6 21. Rd1
Rcd8 22. Rxd6 Qxd6 23. Na3 Qd2 24. Qc1 Qe2 25. Qf1 Qd2 26. Qc1 Qf2 27. Qe1 Qb2
28. Qc1 Qe2 29. Qf1 Qb2 {Game drawn by mutual agreement} 1/2-1/2

[Event "Team 45 45 League T27"]
[Site "Internet Chess Club"]
[Date "2005.07.03"]
[Round "3"]
[White "indiadar"]
[Black "Gregorio"]
[Result "1-0"]
[WhiteElo "2076"]
[BlackElo "2066"]
[TimeControl "2700+45"]

1. e4 e5 2. Nf3 Nc6 3. Bb5 a6 4. Ba4 Nf6 5. O-O d6 6. d4 b5 7. Bb3 Bg4 8. dxe5
Bxf3 9. Qxf3 dxe5 10. c3 Bd6 11. Bg5 Be7 12. Rd1 Qc8 13. Bxf6 Bxf6 14. Bd5 Qd7
15. a4 O-O 16. axb5 axb5 17. Rxa8 Rxa8 18. Bc4 Qe7 19. Bxb5 Na7 20. Ba4 Nc8 21.
Bc6 Rb8 22. Qe2 Qc5 23. Ba4 Nd6 24. Rd5 Qa7 25. b3 Nc8 26. Rb5 Nb6 27. Qc2 c6
28. Rb4 Be7 29. Bxc6 Bxb4 30. cxb4 Nd7 31. b5 Qc5 32. Qc4 Qd6 33. Nc3 Nb6 34.
Qe2 Qa3 35. Qd1 Qc5 36. Na4 Qd4 37. Qxd4 exd4 38. Kf1 Nc8 39. Nc5 Na7 40. Nd7
Nxc6 41. Nxb8 Nxb8 42. Ke2 Nd7 43. Kd3 Kf8 44. Kxd4 Ke7 45. Kd5 Nf8 46. Kc6 Kd8
47. b6 Kc8 48. Kd6 Ng6 49. g3 Kb7 50. f4 h5 51. e5 Kxb6 52. f5 Nh8 53. e6 fxe6
54. fxe6 {Black resigns} 1-0

[Event "Team 45 45 League T27"]
[Site "Internet Chess Club"]
[Date "2005.07.04"]
[Round "3"]
[White "gracey"]
[Black "Ser-Enigma"]
[Result "1-0"]
[WhiteElo "2059"]
[BlackElo "2000"]
[TimeControl "2700+45"]

1. e4 c5 2. f4 d5 3. e5 Nc6 4. g3 h5 5. d3 Bg4 6. Be2 Qd7 7. Nd2 Nh6 8. h3 Bxe2
9. Nxe2 O-O-O 10. b4 Nxb4 11. Nb3 e6 12. c3 Nc6 13. Be3 c4 14. Nbd4 Nf5 15. Nxf5
exf5 16. h4 f6 17. exf6 Qe6 18. fxg7 Bxg7 19. Kf2 Rhe8 20. Qd2 d4 21. Bxd4 Nxd4
22. cxd4 Bxd4+ 23. Nxd4 Rxd4 24. Rhe1 Rxd3 25. Qb4 Rf3+ 26. Kxf3 Qd5+ 27. Kf2
Qd4+ 28. Kg2 Rg8 29. Rad1 Qg7 30. Qxc4+ Kb8 31. Re3 Rc8 32. Qe6 Qb2+ 33. Re2 Qb4
34. Qxc8+ {Black resigns} 1-0

[Event "Team 45 45 League T27"]
[Site "Internet Chess Club"]
[Date "2005.07.03"]
[Round "3"]
[White "JaiHanuman"]
[Black "A-Ru"]
[Result "1-0"]
[WhiteElo "1949"]
[BlackElo "1854"]
[TimeControl "2700+45"]

1. e4 e6 2. d4 d5 3. e5 c5 4. c3 Nc6 5. Nf3 Qb6 6. Bd3 Bd7 7. O-O cxd4 8. cxd4
Nxd4 9. Nxd4 Qxd4 10. Nc3 a6 11. Qe2 Ne7 12. Kh1 Nc6 13. f4 Bc5 14. Bd2 O-O 15.
Rf3 g6 16. a3 Nxe5 17. fxe5 b5 18. Be3 {Black resigns} 1-0

[Event "Team 45 45 League T27"]
[Site "Internet Chess Club"]
[Date "2005.07.04"]
[Round "3"]
[White "nightly"]
[Black "donking"]
[Result "0-1"]
[WhiteElo "1805"]
[BlackElo "1822"]
[TimeControl "2700+45"]

1. c4 e6 2. g3 d5 3. Bg2 c6 4. Nf3 Nf6 5. b3 dxc4 6. bxc4 Be7 7. Nc3 O-O 8. O-O
h6 9. a4 Nbd7 10. d3 Rb8 11. Bf4 Ra8 12. Qc2 Nh5 13. Be3 g5 14. Nd4 Qc7 15. Rfb1
Bf6 16. Bf3 Ng7 17. Ne4 Be5 18. Ra2 f5 19. Nc3 f4 20. Ndb5 cxb5 21. Nxb5 Qb8 22.
gxf4 gxf4 23. Bd2 a6 24. Nc3 Nc5 25. Kh1 Kh8 26. Rg1 Bd7 27. Rg6 Nf5 28. Ne4
Nxe4 29. dxe4 Nd4 30. Qd3 Kh7 31. Bh5 Rg8 32. Rxg8 Qxg8 33. e3 Qg5 34. exd4 Rg8
35. Qf1 Bxd4 36. Bf3 e5 37. Qg2 Qh4 38. Qf1 Bh3 39. Qb1 Qxf2 40. Qxb7+ Kh8
{White resigns} 0-1

[Event "Team 45 45 League T27"]
[Site "Internet Chess Club"]
[Date "2005.07.06"]
[Round "3"]
[White "Zillmer"]
[Black "DavidBarnsley"]
[Result "0-1"]
[WhiteElo "2136"]
[BlackElo "2031"]
[TimeControl "2700+45"]

1. e4 e6 2. d4 d5 3. e5 c5 4. c3 Nc6 5. Nf3 Bd7 6. Be2 f6 7. O-O fxe5 8. Nxe5
Nxe5 9. dxe5 Qc7 10. c4 O-O-O 11. cxd5 Qxe5 12. Nc3 Nf6 13. Re1 Bd6 14. g3 Nxd5
15. Bf3 Qd4 16. Qxd4 cxd4 17. Nxd5 exd5 18. Bg5 Rdf8 19. Rac1+ Kb8 20. Bg2 Bc6
21. Re6 Bc7 22. Rd1 Re8 {White resigns} 0-1

[Event "Team 45 45 League T27"]
[Site "Internet Chess Club"]
[Date "2005.07.04"]
[Round "3"]
[White "steve"]
[Black "Sergio56"]
[Result "1-0"]
[WhiteElo "1927"]
[BlackElo "1909"]
[TimeControl "2700+45"]

1. e4 d5 2. exd5 Qxd5 3. Nc3 Qa5 4. Bc4 Nf6 5. d3 c6 6. Qe2 Bg4 7. f3 Bh5 8. g4
Bg6 9. f4 e6 10. f5 Bxf5 11. gxf5 Qxf5 12. Bd2 a5 13. a4 Nbd7 14. Nf3 Bd6 15.
Ne4 Nxe4 16. Qxe4 Qc5 17. Qd4 Qxd4 18. Nxd4 Ne5 19. Bb3 Bc5 20. Ne2 Nf3+ 21. Kd1
Nxd2 22. Kxd2 Bb4+ 23. c3 Be7 24. Rhg1 g6 25. Ng3 Bd6 26. Rg2 Ke7 27. Re1 Rhd8
28. Ne4 Bf4+ 29. Kc2 h5 30. Rf2 Bh6 31. Nc5 b6 32. Nxe6 fxe6 33. Rxe6+ Kd7 34.
Rf7+ Kc8 35. Rxc6+ {Black resigns} 1-0

[Event "Team 45 45 League T27"]
[Site "Internet Chess Club"]
[Date "2005.07.02"]
[Round "3"]
[White "Egmont"]
[Black "room-matt"]
[Result "0-1"]
[WhiteElo "1697"]
[BlackElo "1823"]
[TimeControl "2700+45"]

1. e4 e5 2. Nf3 Nc6 3. Bb5 Bc5 4. c3 f5 5. d3 d6 6. Bg5 Nf6 7. Qb3 fxe4 8. dxe4
Bxf2+ 9. Ke2 Bc5 10. Bc4 Qe7 11. Qa4 Bd7 12. Qc2 O-O-O 13. b4 Bb6 14. a4 a5 15.
Nbd2 Rhf8 16. b5 Nb8 17. Bd5 Be6 18. Qb3 Bxd5 19. Bxf6 Rxf6 20. Qxd5 Nd7 21.
Rac1 Rg6 22. g3 Nf6 23. Qb3 Rf8 24. Nh4 Rg4 25. Nf5 Qd7 26. h3 Rg5 27. Nf3 Rg6
28. N3h4 Nxe4 29. Nxg6 hxg6 30. Nxd6+ Qxd6 31. Rcd1 Nxg3+ {White resigns} 0-1

[Event "Team 45 45 League T27"]
[Site "Internet Chess Club"]
[Date "2005.07.04"]
[Round "3"]
[White "rph"]
[Black "NFK"]
[Result "1-0"]
[WhiteElo "1873"]
[BlackElo "1704"]
[TimeControl "2700+45"]

1. d4 Nf6 2. c4 c5 3. d5 b5 4. cxb5 a6 5. bxa6 Bxa6 6. Nc3 d6 7. b3 g6 8. Bb2
Bg7 9. g3 O-O 10. Bg2 Nbd7 11. Nh3 Qc7 12. O-O Rfb8 13. Rb1 c4 14. Qc2 cxb3 15.
axb3 Nc5 16. Na4 Rb7 17. Rfc1 Rc8 18. Nxc5 Qb6 19. Ba3 Rbc7 20. b4 dxc5 21. bxc5
Qa7 22. c6 Bxe2 23. Bc5 Qa6 24. Ra1 Qb5 25. Rcb1 Qc4 26. Qxc4 Bxc4 27. Ra5 Bxd5
28. Ba3 Bxg2 29. Kxg2 e6 30. Rb7 Nd5 31. Raa7 Bf8 32. Bxf8 Kxf8 33. Nf4 Nxf4+
34. gxf4 Kg7 35. Rxc7 {Black resigns} 1-0

[Event "Team 45 45 League T27"]
[Site "Internet Chess Club"]
[Date "2005.07.04"]
[Round "3"]
[White "Unbeliever"]
[Black "zota"]
[Result "1-0"]
[WhiteElo "2020"]
[BlackElo "1917"]
[TimeControl "2700+45"]

1. e4 c5 2. Nf3 d6 3. d4 cxd4 4. Nxd4 Nf6 5. Nc3 a6 6. Bc4 e6 7. Bb3 Be7 8. f4
O-O 9. f5 exf5 10. Nxf5 Bxf5 11. exf5 d5 12. Bxd5 Qb6 13. Qf3 Nc6 14. Bxc6 bxc6
15. Bg5 Rfe8 16. O-O-O Rab8 17. b3 Qb4 18. Rhe1 Qa5 19. Rxe7 Rxe7 20. Qg3 Qe5
21. Bf4 {Black resigns} 1-0

[Event "Team 45 45 League T27"]
[Site "Internet Chess Club"]
[Date "2005.07.02"]
[Round "3"]
[White "JSC"]
[Black "Knight77"]
[Result "1/2-1/2"]
[WhiteElo "1829"]
[BlackElo "1827"]
[TimeControl "2700+45"]

1. e4 c5 2. c3 d6 3. d4 cxd4 4. cxd4 e6 5. Nc3 Nf6 6. Bg5 Be7 7. Nf3 O-O 8. Bc4
a6 9. a3 h6 10. Bf4 b5 11. Ba2 Bb7 12. d5 e5 13. Bd2 Nbd7 14. Qe2 Rc8 15. O-O
Nb6 16. Rac1 Nc4 17. Bxc4 Rxc4 18. b3 Rc8 19. b4 Qd7 20. Na2 Qg4 21. Nc3 Rc4 22.
Rfe1 Rfc8 23. h3 Qd7 24. Qd3 R8c7 25. Na2 Qc8 26. Bc3 Nh5 27. Nd2 Bg5 28. Nxc4
bxc4 29. Qf3 Bxc1 30. Nxc1 Nf4 31. Rd1 f5 32. Ne2 fxe4 33. Qxe4 Rf7 34. Nxf4
Rxf4 35. Qg6 Rf6 36. Qe4 Rf4 37. Qg6 Rf6 38. Qe4 Qf5 39. Qxf5 Rxf5 40. f3 Kf7
41. Kh2 Rf4 42. Kg3 g5 43. Rd2 e4 44. fxe4 Rxe4 45. Kf3 Rf4+ 46. Ke3 Rf5 47. Ke4
Rf4+ 48. Ke3 Kg6 49. Rd4 Rf5 50. Rxc4 Bxd5 51. Rg4 h5 52. Rg3 Rf4 53. Bd4 Kf5
54. Ba7 h4 55. Rg4 Rxg4 56. hxg4+ Kxg4 57. Kf2 Bb3 58. Bd4 Kf5 59. Bc3 g4 60.
Bb2 d5 61. Bd4 Ke4 62. Bf6 h3 63. gxh3 gxh3 64. Kg3 d4 65. Kxh3 Ke3 66. Bg5+ Ke2
67. Kg4 d3 68. Kf5 d2 69. Bxd2 Kxd2 70. Ke5 Kc3 71. Kd6 Bc4 72. Kc5 Bb5 73. Kd5
Kb3 74. Kd4 Kxa3 75. Kc3 Ka4 76. Kb2 Kxb4 77. Ka2 a5 78. Kb2 a4 79. Ka2 Kc3 80.
Ka1 Kb3 81. Kb1 Ka3 82. Ka1 Kb3 83. Kb1 Bd3+ 84. Ka1 Kc2 85. Ka2 Kc1 86. Ka1 Bb5
87. Ka2 Kc2 88. Ka1 Kb3 89. Kb1 Bd3+ 90. Ka1 Kb4 91. Ka2 a3 92. Ka1 Bc4 93. Kb1
a2+ 94. Ka1 Kc5 95. Kb2 Kd4 96. Ka1 Kd3 97. Kb2 Kd2 98. Ka1 Kc1 {White
stalemated} 1/2-1/2

[Event "Team 45 45 League T27"]
[Site "Internet Chess Club"]
[Date "2005.06.30"]
[Round "3"]
[White "CraigCKlein"]
[Black "fernbap"]
[Result "0-1"]
[WhiteElo "1799"]
[BlackElo "1763"]
[TimeControl "2700+45"]

1. d4 Nf6 2. c4 e6 3. Nc3 Bb4 4. Qc2 d5 5. cxd5 Nxd5 6. e4 Nxc3 7. bxc3 Be7 8.
Nf3 O-O 9. Bd3 h6 10. O-O c5 11. Rd1 Qc7 12. Qe2 Nc6 13. d5 Ne5 14. c4 Bd6 15.
Kh1 exd5 16. exd5 Bg4 17. h3 Bxf3 18. gxf3 Rae8 19. Be3 f5 20. Qc2 Nxf3 21. Bxf5
Be5 22. Rab1 Bd4 23. Bh7+ Kh8 {White resigns} 0-1

[Event "Team 45 45 League T27"]
[Site "Internet Chess Club"]
[Date "2005.07.01"]
[Round "3"]
[White "allanchs"]
[Black "Pilgrim"]
[Result "1-0"]
[WhiteElo "1645"]
[BlackElo "1486"]
[TimeControl "2700+45"]

1. e4 e6 2. d4 d5 3. Nc3 Nf6 4. e5 Nfd7 5. f4 c5 6. Nf3 Nc6 7. Be3 cxd4 8. Nxd4
Nc5 9. a3 b6 10. Nxc6 Qc7 11. Nd4 a6 12. Be2 Ne4 13. Nxe4 dxe4 14. O-O Bc5 15.
b4 Be7 16. c4 Bb7 17. Qb3 O-O 18. Rfd1 a5 19. Nb5 Qc6 20. Nd6 Bxd6 21. Rxd6 Qc8
22. Rxb6 axb4 23. Qxb4 Rb8 24. Rb1 {Black resigns} 1-0

[Event "Team 45 45 League T27"]
[Site "Internet Chess Club"]
[Date "2005.07.02"]
[Round "3"]
[White "garethn"]
[Black "patzerchess"]
[Result "1/2-1/2"]
[WhiteElo "1797"]
[BlackElo "1889"]
[TimeControl "2700+45"]

1. e4 e5 2. Nf3 d6 3. d4 Nf6 4. Bg5 Be7 5. Nc3 Nbd7 6. Bc4 O-O 7. O-O c6 8. Re1
Qc7 9. Qe2 h6 10. Bh4 b5 11. Bb3 a5 12. a3 Ba6 13. Qd2 Rfe8 14. Rad1 Bb7 15.
Bxf6 Nxf6 16. d5 b4 17. axb4 axb4 18. Na2 c5 19. c4 Nh7 20. Nc1 Ng5 21. Qe3 Bf6
22. Ne2 Bc8 23. Nd2 Bg4 24. f3 Bd7 25. Ra1 Nh7 26. Qd3 Reb8 27. Nf1 Qc8 28. Reb1
Bg5 29. Neg3 g6 30. Ne3 Kg7 31. Kf1 Bxe3 32. Qxe3 f5 33. Qe1 Qf8 34. Bc2 f4 35.
Ne2 g5 36. h3 Nf6 37. Qd1 Qe8 38. Ke1 h5 39. Kd2 g4 40. hxg4 hxg4 41. Qg1 Qh5
42. Qh1 Kg6 43. Qxh5+ Nxh5 44. Rh1 Kg5 45. Bb3 Rh8 46. Bc2 Rhb8 47. Bb3 Bc8 48.
Kd3 Bb7 49. Kd2 Rxa1 50. Rxa1 Ra8 51. Rxa8 Bxa8 52. Ba4 Bb7 53. Bd7 gxf3 54.
gxf3 Kh4 55. Ke1 Ng3 56. b3 Ba6 {Game drawn by mutual agreement} 1/2-1/2

[Event "Team 45 45 League T27"]
[Site "Internet Chess Club"]
[Date "2005.07.01"]
[Round "3"]
[White "BronzeAge"]
[Black "TheBrewer"]
[Result "1/2-1/2"]
[WhiteElo "1806"]
[BlackElo "1618"]
[TimeControl "2700+45"]

1. d4 d5 2. c4 dxc4 3. Nc3 Nf6 4. e4 e6 5. Bxc4 a6 6. Bg5 Be7 7. e5 Nfd7 8. Bxe7
Qxe7 9. Qg4 O-O 10. Nge2 b5 11. Bb3 Bb7 12. O-O c5 13. f4 cxd4 14. Nxd4 Nc5 15.
Bc2 Nc6 16. Nxc6 Bxc6 17. Rae1 f5 18. exf6 Qxf6 19. Re5 Nd7 20. Rxe6 Qd4+ 21.
Kh1 Nf6 22. Qh3 Bd7 23. Bb3 Bxe6 24. Qxe6+ Kh8 25. Nd5 Nxd5 26. Bxd5 Rad8 27.
Bb3 Rxf4 28. Re1 Rff8 29. Qxa6 Qxb2 30. Qxb5 Qf2 31. Rg1 {Game drawn by mutual
agreement} 1/2-1/2

[Event "Team 45 45 League T27"]
[Site "Internet Chess Club"]
[Date "2005.06.30"]
[Round "3"]
[White "nanning"]
[Black "dondel"]
[Result "0-1"]
[WhiteElo "1536"]
[BlackElo "1691"]
[TimeControl "2700+45"]

1. e4 e5 2. Bc4 Nf6 3. d3 Nc6 4. Nc3 Bb4 5. f4 d5 6. exd5 Bg4 7. Nf3 Nxd5 8.
Bxd5 Qxd5 9. Bd2 Bxc3 10. Bxc3 O-O 11. O-O exf4 12. Qd2 Qd6 13. Rae1 Rae8 14.
Ng5 Qc5+ 15. d4 Qxg5 16. d5 Rxe1 17. Rxe1 Ne7 18. Bb4 Nxd5 19. Bxf8 Kxf8 20. Qa5
Qd8 21. Qc5+ Ne7 22. Qg5 Qd4+ 23. Kh1 Be6 24. Qb5 Qd2 25. Rf1 Bd5 26. Rf3 Bxf3
27. gxf3 Qd1+ 28. Kg2 Qxc2+ 29. Kh3 b6 30. Qd7 f6 31. Qd8+ Kf7 32. Qd4 c5 33.
Qxf4 Qxb2 34. Qc4+ Kf8 35. Qa6 Qf2 {White resigns} 0-1

[Event "Team 45 45 League T27"]
[Site "Internet Chess Club"]
[Date "2005.07.03"]
[Round "3"]
[White "KnightedByQueen"]
[Black "wojozim"]
[Result "1/2-1/2"]
[WhiteElo "1563"]
[BlackElo "1467"]
[TimeControl "2700+45"]

1. e4 c5 2. Nf3 d6 3. d4 cxd4 4. Nxd4 Nf6 5. Nc3 g6 6. f3 Bg7 7. Be3 O-O 8. Be2
Nc6 9. Nxc6 bxc6 10. Qd2 Rb8 11. O-O-O Be6 12. g4 Qa5 13. a3 Nxe4 14. fxe4 Rxb2
15. Bd4 Qxa3 16. Qe3 Rb4+ 17. Kd2 Rxd4+ 18. Bd3 Bc4 19. Ra1 Rxd3+ 20. Qxd3 Qxa1
21. Rxa1 Bxd3 22. cxd3 Ra8 23. Ra6 Bd4 24. Rxc6 Rb8 25. Kc2 Kf8 26. h3 Ke8 27.
Ra6 Kd7 28. Ne2 Rb2+ 29. Kd1 Be3 30. Ra3 Rb1+ 31. Kc2 Rb7 32. d4 e5 33. Rxe3 Kc6
34. d5+ Kc7 35. Rf3 Kb8 36. Rf6 Rc7+ 37. Kb3 Rb7+ 38. Ka3 Rd7 39. Nc3 a6 40. h4
Kb7 41. h5 Kb6 42. Na4+ Kb5 43. Kb3 Ka5 {Game drawn by mutual agreement} 1/2-1/2

[Event "Team 45 45 League T27"]
[Site "Internet Chess Club"]
[Date "2005.07.03"]
[Round "3"]
[White "Plattner"]
[Black "megamaster"]
[Result "0-1"]
[WhiteElo "1913"]
[BlackElo "2253"]
[TimeControl "2700+45"]

1. e4 c5 2. Nf3 d6 3. Bb5+ Bd7 4. Bxd7+ Nxd7 5. O-O Ngf6 6. Qe2 e6 7. b3 Be7 8.
Bb2 O-O 9. c4 Qc7 10. Nc3 a6 11. d4 cxd4 12. Nxd4 Rac8 13. Rad1 Qa5 14. f4 Rfd8
15. f5 e5 16. Nc2 b5 17. Ne3 Re8 18. Ncd5 Nxd5 19. Nxd5 bxc4 20. Nxe7+ Rxe7 21.
f6 Re6 22. fxg7 Qxa2 23. bxc4 Qxc4 24. Qe1 Qb3 25. Rb1 Rc2 26. Bd4 Rg6 27. Bf2
Qh3 {White resigns} 0-1

[Event "Team 45 45 League T27"]
[Site "Internet Chess Club"]
[Date "2005.07.02"]
[Round "3"]
[White "softbunney"]
[Black "fileman"]
[Result "1/2-1/2"]
[WhiteElo "2058"]
[BlackElo "1875"]
[TimeControl "2700+45"]

1. d4 Nc6 2. Nf3 d5 3. Bg5 Bg4 4. e3 f6 5. Bh4 Nh6 6. c4 Nf5 7. Bg3 Nxg3 8. hxg3
e5 9. cxd5 Qxd5 10. Nc3 Bb4 11. dxe5 Qxd1+ 12. Rxd1 Nxe5 13. Be2 Nxf3+ 14. gxf3
Be6 15. a3 Bxc3+ 16. bxc3 Rd8 17. Bd3 h6 18. Ke2 Ke7 19. Rh4 Rd6 20. Rd4 Rhd8
21. f4 c5 22. Rxd6 Rxd6 23. f3 Bb3 24. Rb1 c4 25. Be4 b5 26. Rh1 Kf7 27. Rh5 a6
28. Rd5 Ke7 29. Kd2 a5 30. Kc1 Rxd5 31. Bxd5 Kd6 32. Be4 Kc5 33. Kd2 b4 34.
axb4+ axb4 35. Bg6 Ba4 36. cxb4+ Kxb4 37. e4 c3+ 38. Kc1 Bc6 39. e5 Kc5 40. e6
Kd6 41. f5 Bxf3 42. Kc2 Bd5 43. Bf7 Be4+ 44. Kxc3 Bxf5 45. Kd4 Bxe6 46. Bg6 Bg4
47. Bf7 Bf5 48. Bc4 g6 49. Be2 Be6 50. Bd3 f5 51. Be2 Bf7 52. Bd3 Ke6 53. Be2
Kf6 54. Bd1 Kg5 55. Ke5 h5 56. Be2 h4 57. gxh4+ Kxh4 58. Kf6 f4 59. Kxf7 g5 60.
Kf6 g4 61. Kf5 f3 62. Bd1 Kg3 63. Kg5 Kh3 64. Kf4 f2 65. Bxg4+ Kg2 66. Be2 f1=Q+
67. Bxf1+ {Game drawn because neither player has mating material} 1/2-1/2

[Event "Team 45 45 League T27"]
[Site "Internet Chess Club"]
[Date "2005.07.05"]
[Round "3"]
[White "BillyNoMates"]
[Black "shyguy"]
[Result "0-1"]
[WhiteElo "1819"]
[BlackElo "1950"]
[TimeControl "2700+45"]

1. e4 c5 2. Nf3 d6 3. d4 cxd4 4. Nxd4 Nf6 5. Nc3 a6 6. Be2 e6 7. g4 h6 8. Be3
Nc6 9. Rg1 Qa5 10. Qd2 Nxd4 11. Bxd4 e5 12. Be3 Be6 13. O-O-O Bxa2 14. Nxa2 Qxa2
15. Qb4 b5 16. Kd2 d5 17. Bxb5+ axb5 18. Qxb5+ Nd7 19. exd5 Ra5 20. Qc6 Qxd5+
21. Qxd5 Rxd5+ 22. Ke2 Rxd1 23. Rxd1 Bc5 24. Bxc5 Nxc5 25. Rd5 Nd7 26. c4 Ke7
27. b4 Rb8 28. b5 Rc8 29. Kd3 f6 30. Kc3 Nb6 {White resigns} 0-1

[Event "Team 45 45 League T27"]
[Site "Internet Chess Club"]
[Date "2005.06.29"]
[Round "3"]
[White "Pilgrim"]
[Black "LoseOften"]
[Result "0-1"]
[WhiteElo "1486"]
[BlackElo "1850"]
[TimeControl "2700+45"]

1. e4 c5 2. Nf3 d6 3. d4 cxd4 4. Nxd4 Nf6 5. Nc3 a6 6. Bc4 e6 7. O-O b5 8. Bb3
Be7 9. f3 O-O 10. Be3 Bd7 11. a4 b4 12. Nce2 Nc6 13. Nxc6 Bxc6 14. Nf4 Qd7 15.
Qe2 Rfd8 16. Rfd1 Qb7 17. Rd3 d5 18. exd5 Nxd5 19. Nxd5 Bxd5 20. Rad1 Bxb3 21.
Rxd8+ Rxd8 22. Rxd8+ Bxd8 23. cxb3 Bf6 24. Qd2 h6 25. a5 Be7 26. Bb6 Qd5 27. Qc2
Bf6 28. Qc8+ Kh7 29. Qc2+ g6 30. Qc4 Qxc4 31. bxc4 Bxb2 32. c5 Bc3 33. c6 b3 34.
c7 b2 35. c8=Q b1=Q+ 36. Kf2 Qe1# {White checkmated} 0-1

[Event "Team 45 45 League T27"]
[Site "Internet Chess Club"]
[Date "2005.07.02"]
[Round "3"]
[White "Chief-Justice"]
[Black "TheTankDriver"]
[Result "1/2-1/2"]
[WhiteElo "1975"]
[BlackElo "2358"]
[TimeControl "2700+45"]

1. Nf3 d5 2. d4 Nf6 3. c4 e6 4. Nc3 Be7 5. Bg5 O-O 6. e3 b6 7. cxd5 exd5 8. Bd3
Bb7 9. O-O Nbd7 10. Rc1 c5 11. Re1 Ne4 12. Bxe7 Qxe7 13. dxc5 Nxc3 14. Rxc3 bxc5
15. Rc1 Qf6 16. Qc2 g6 17. Bb5 Nb6 18. a4 d4 19. a5 Bxf3 20. gxf3 Nd5 21. Qxc5
Qxf3 22. Qxd4 Rad8 23. Be2 Qf5 24. Red1 Rd6 25. Qg4 Qf6 26. Rd4 Ne7 27. Rcd1
Rxd4 28. Qxd4 Qg5+ 29. Kh1 Qxa5 30. b4 Qa2 31. Rd2 Qb1+ 32. Rd1 Qc2 33. Rd2 Qc6+
34. Kg1 Nf5 35. Qxa7 Qc3 36. Qa2 Qxb4 37. Qb2 Qe7 38. Bg4 Qg5 39. h3 Nh4 40. f4
Qe7 41. Qd4 h5 42. Be2 Nf5 43. Qd3 Nxe3 44. Kf2 Re8 45. Qd7 Qh4+ 46. Kf3 Re7 47.
Qc8+ Kh7 48. Rd8 Nf5 49. Rh8+ Kg7 50. Rg8+ Kh7 51. Rh8+ Kg7 {Game drawn by
mutual agreement} 1/2-1/2

[Event "Team 45 45 League T27"]
[Site "Internet Chess Club"]
[Date "2005.07.04"]
[Round "3"]
[White "PublisherKing"]
[Black "elnik"]
[Result "0-1"]
[WhiteElo "1909"]
[BlackElo "1957"]
[TimeControl "2700+45"]

1. g3 g6 2. Bg2 Bg7 3. c4 Nf6 4. Nc3 d6 5. d4 O-O 6. e4 c6 7. Be3 e5 8. dxe5
dxe5 9. Nf3 Qc7 10. O-O Rd8 11. Qc2 Be6 12. b3 h6 13. Rfd1 Na6 14. a3 Ng4 15.
Bd2 Rd7 16. h3 Nf6 17. Be3 Rad8 18. Rxd7 Rxd7 19. Rd1 b6 20. Rxd7 Nxd7 21. Ne1
Qd6 22. Bc1 Nac5 23. b4 Nb7 24. Qe2 Qd4 25. Bb2 Qxc4 26. Qd2 a5 27. Nc2 axb4 28.
Nxb4 Na5 29. Qd6 Bf8 30. Qd2 Bxb4 31. axb4 Qxb4 {White resigns} 0-1

[Event "Team 45 45 League T27"]
[Site "Internet Chess Club"]
[Date "2005.07.03"]
[Round "3"]
[White "alexcolins"]
[Black "martineden"]
[Result "0-1"]
[WhiteElo "1807"]
[BlackElo "1830"]
[TimeControl "2700+45"]

1. d4 d5 2. Nf3 Nf6 3. e3 c5 4. dxc5 Qa5+ 5. Bd2 Qxc5 6. a3 Nc6 7. b4 Qd6 8. Nc3
Bf5 9. Nb5 Qd7 10. Nbd4 Bg4 11. h3 Bh5 12. Bd3 Nxd4 13. exd4 e6 14. Qe2 a6 15.
g4 Bg6 16. Ne5 Qc7 17. Rc1 b5 18. Bf4 Qc3+ 19. Bd2 Qxa3 20. Bxb5+ Kd8 21. Bc6
Bxb4 22. Bxa8 Qxc1+ 23. Qd1 Qxd2+ 24. Qxd2 Bxd2+ 25. Kxd2 Ne4+ 26. Ke3 f6 27.
Nd3 Kc7 28. Bxd5 exd5 29. Nf4 Bf7 30. c4 Re8 31. Ra1 dxc4 32. Rxa6 Nc5+ 33. Ne6+
Rxe6+ 34. Rxe6 Nxe6 35. d5 Nc5 36. Kd4 Kd6 37. Kxc4 Bxd5+ 38. Kd4 Ne6+ 39. Ke3
Ke5 40. h4 g6 41. f3 h6 42. g5 hxg5 43. hxg5 f5 44. Kf2 Kf4 45. Kg2 Nxg5 46. Kf2
Nxf3 47. Kg2 g5 48. Kh1 Nh4+ 49. Kh2 g4 50. Kg1 g3 51. Kf1 Kg4 52. Kg1 f4 53.
Kf1 f3 54. Kg1 Kh3 55. Kf1 g2+ 56. Kg1 Bc6 {White resigns} 0-1

[Event "Team 45 45 League T27"]
[Site "Internet Chess Club"]
[Date "2005.07.06"]
[Round "3"]
[White "MrAnderssen"]
[Black "vvsi"]
[Result "1-0"]
[WhiteElo "1670"]
[BlackElo "1827"]
[TimeControl "2700+45"]

1. e4 c6 2. d4 d5 3. e5 c5 4. c3 Nc6 5. Bb5 Bd7 6. Ne2 a6 7. Ba4 b5 8. Bc2 Bg4
9. f3 Bh5 10. O-O e6 11. Be3 Qb6 12. Rf2 c4 13. f4 Nge7 14. Qf1 Bg6 15. f5 Nxf5
16. Bxf5 exf5 17. Nf4 Be7 18. Nxd5 Qb7 19. Nf4 O-O-O 20. a4 Bg5 21. Nd2 Ne7 22.
axb5 axb5 23. Nxc4 bxc4 24. Qxc4+ Qc6 25. Ra8+ Kb7 26. Ra7+ Kc8 27. Qb4 Nd5 28.
Nxd5 Rxd5 29. Bxg5 Rb5 30. Qa4 Kb8 31. c4 Rb6 32. Qxc6 Rxc6 33. Ra4 Rhc8 34. b3
f6 35. exf6 gxf6 36. Bf4+ Kb7 37. d5 Rb6 38. Rfa2 Rxb3 39. Ra7+ Kb6 40. Kf2 Kc5
41. R2a4 Rb4 42. Bd6+ Kxd6 43. Rxb4 Rc5 44. Ke3 f4+ 45. Kxf4 Bd3 46. Ra6+ Kd7
47. Rb7+ Rc7 48. Rxc7+ Kxc7 49. Rc6+ {Black resigns} 1-0

[Event "Team 45 45 League T27"]
[Site "Internet Chess Club"]
[Date "2005.07.04"]
[Round "3"]
[White "john-beebs"]
[Black "rayngrant"]
[Result "0-1"]
[WhiteElo "1533"]
[BlackElo "1646"]
[TimeControl "2700+45"]

1. e4 e5 2. Nf3 Nc6 3. Nc3 Nf6 4. Bb5 a6 5. Bc4 Nxe4 6. Bxf7+ Kxf7 7. Nxe4 Be7
8. d4 d6 9. Nfg5+ Ke8 10. Qf3 Rf8 11. Qh5+ g6 12. Qxh7 Bf5 13. g4 Bxe4 14. Ne6
Qd7 15. Nxf8 Bxf8 16. Qxd7+ Kxd7 17. Rg1 Nxd4 18. Kf1 Nxc2 19. Ke2 Nxa1 20. Ke3
Bd5 21. b3 Nc2+ 22. Kd3 Nb4+ {White resigns} 0-1